 BcadrenCrawl: Boulder Brew version 0.05.21-81-gd28e3044bd (webtiles) character file.

Game seed: 2015362672465731468, levelgen mode: deterministic

42 theanonym the Chopper (level 3, 0/28 HPs) Mummified Minotaur. Began on Sept 6, 2021. Slain by a hobgoblin ... wielding a +0 club (2 damage) ... on level 1 of the Dungeon. The game lasted 00:01:00 (536 turns).

theanonym the Chopper (Minotaur Mummy)               Turns: 536, Time: 00:01:00

Health: 0/28       AC:  3    Str: 16    XL:     3 ^: 36
Magic:  4/4        EV: 11    Int: 16    God:
Gold:   27         SH:  0    Dex:  4    Spells: 5/6 levels left

rFire    x . .     Vision   .   a - +0 hatchet
rCold    + . .     Gourm    .   (no weapon)
rNeg     + + +     Faith    .   b - +0 leather armour
rCorr    . . .     Spirit   .   (helmet restricted)
rPois    ∞         Reflect  .   (no cloak)
rElec    .         Harm     .   (no gloves)
MR       .....                  (no boots)
Stlth    +.........             (no amulet)
HPRegen  0.19/turn              (no ring)
MPRegen  0.14/turn              (no ring)

@: no status effects
A: horns, retaliatory headbutt 2, cold resistance 1, negative energy resistance
3, torment resistance, unbreathing, heat vulnerability 1, in touch with death 1,
ancient wisdom
a: no special abilities


Innate Abilities, Weirdness & Mutations

You are immune to poison.
You reflexively attack those that strike you in melee with your horns.
You are cold resistant. (rC+)
You are immune to negative energy. (rN+++)
You are immune to unholy pain and torment.
You can survive without breathing.
You are vulnerable to heat. (rF-)
You are in touch with the powers of death.
You can memorise 50% more levels worth of spells.
You gain random stats at level up more slowly, but gain an extra +1 intelligence each time.


   Skills:
 + Level 1.3 Fighting
 * Level 3.3 Axes & Hammers
 + Level 1.2 Armour
 - Level 3.2 Dodging
 - Level 1.5 Stealth
 - Level 1.4 Spellcasting
 - Level 2.1 Necromancy


You had 5 spell levels left.
You knew the following spells:

 Your Spells              Type           Power        Failure   Level  Hunger
a - Pain                  Hex/Necr       6 (25)       16%         1    N/A

Your spell library contained the following spells:

 Spells                   Type           Power        Failure   Level  Hunger
 Vampiric Draining        Necr           12 (200)     30%         3    N/A
 Pryten's Skeletal Upris  Chrm/Necr      6 (200)      43%         3    N/A
 Animate Dead             Necr           N/A          69%         4    N/A
 Regeneration             Chrm/Necr      Unusable     N/A         3    N/A

Skill      XL: |  1  2 |
---------------+-------+-----
Fighting       | 1 |  1.3
Axes & Hammers | 3 |  3.3
Armour         | 1 |  1.2
Dodging        | |  3.2
Stealth        | |  1.5
Spellcasting   | |  1.4
Necromancy     | |  2.1

Action                   || total
-------------------------++-------
Melee: Hatchet           ||    75
       Unarmed           ||    71
       Headbutt          ||     1
Armor: Leather armour    ||    24
Dodge: Dodged            ||    75

Inventory:

Weapons
 a - a +0 hatchet (weapon)
Armour
 b - a +0 leather armour (worn)
Scrolls
 t - a scroll of teleportation


You were on level 1 of the Dungeon.
You were not hungry.

You visited 1 branch of the dungeon, and saw 1 of its levels.

You collected 27 gold pieces.

Dungeon Overview and Level Annotations

Branches:
Dungeon (1/8)

Altars:

####..####...###.........#
..##.............######
#............## #.###
#.............## ###...#
#..............# #...... .#.
##[.#...##....#.## #.....
.....##..##.#.####.....# #.....
..............#####....###..#.#
.....#..###...g@.###.......##.#
#......##...#.##...##...#..##.#
#.....##......#....>≈.....†...#
.....................#........#
##.#..........................#
#.###................#.......#
# #................#.......#
#....≈≈..........###.#####
#...≈>≈......††..# #..#


You could see a hobgoblin.

Notes
Turn   | Place    | Note
-------+----------+-------------------------------------------
     0 | D:1      | theanonym the Minotaur Mummy began the quest for the Orb.
     0 | D:1      | Reached XP level 1. HP: 14/14 MP: 1/1
   162 | D:1      | HP: 7/15 [hobgoblin (4)]
   167 | D:1      | HP: 6/15 [bat (1)]
   175 | D:1      | HP: 5/15 [bat (1)]
   184 | D:1      | Reached XP level 2. HP: 10/22 MP: 3/3
   286 | D:1      | Reached skill level 1 in Fighting
   286 | D:1      | Reached skill level 3 in Axes & Hammers
   286 | D:1      | Reached skill level 1 in Armour
   292 | D:1      | Reached XP level 3. HP: 20/28 MP: 4/4
   518 | D:1      | HP: 13/28 [hobgoblin/+0 club (6)]
   530 | D:1      | HP: 13/28 [ooze (1)]
   535 | D:1      | HP: 2/28 [hobgoblin/+0 club (5)]
   536 | D:1      | Slain by a hobgoblin

Vanquished Creatures
  A giant cockroach (D:1)
  A cinder newt (D:1)
  2 oozes (D:1)
  3 bats (D:1)
  2 goblins (D:1)
  A hobgoblin (D:1)
  2 ball pythons (D:1)
  A rat (D:1)
13 creatures vanquished.

Table legend:
 A = Turns spent in this place as a percentage of turns spent in the entire game.
 B = Non-inter-level travel turns spent in this place as a percentage of non-inter-level travel turns spent in the entire game.
 C = Inter-level travel turns spent in this place as a percentage of turns spent in this place.
 D = Turns resting spent in this place as a percentage of non-inter-level travel turns spent in this place.
 E = Turns spent auto-exploring this place as a percentage of non-inter-level travel turns spent in this place.
 F = Non-inter-level travel turns spent in this place divided by the number of levels of this place that you've seen.
                   A       B       C       D       E      F
               +-------+-------+-------+-------+-------+----------------------
         Total | 100.0 | 100.0 |   0.0 |  49.4 |  26.7 | 536.0
       Dungeon | 100.0 | 100.0 |   0.0 |  49.4 |  26.7 | 536.0
               +-------+-------+-------+-------+-------+----------------------
